 Dungeon Crawl Stone Soup version 0.29.0-4-gdea44cf6ec (webtiles) character file.

Game seed: 10414277312476567438

590 qw the Chopper (level 7, 0/52 HPs)
             Began as a Demonspawn Cinder Acolyte on Sept 8, 2022.
             Was a Believer of Ignis.
             Succumbed to a killer bee's poison
             ... on level 5 of the Dungeon.
             The game lasted 00:01:48 (5499 turns).

qw the Chopper (Demonspawn Cinder Acolyte)          Turns: 5499, Time: 00:01:49

Health: 0/52       AC: 13    Str: 16    XL:     7   Next: 15%
Magic:  8/8        EV:  7    Int: 20    God:    Ignis [**....]
Gold:   140        SH: 10    Dex:  8    Spells: 8/8 levels left

rFire   + + .      SeeInvis .   Y - -1 hand axe (flame)
rCold   . . .      Faith    .   f - +2 kite shield
rNeg    . . .      Spirit   .   b - +0 scale mail
rPois   +          Reflect  .   (no helmet)
rElec   .          Harm     .   (no cloak)
rCorr   .          Rampage  .   (no gloves)
Will    .....                   (no boots)
Stlth   ..........              (no amulet)
HPRegen 0.17/turn               c - ring of protection from fire
MPRegen 0.11/turn               (no ring)

@: lethally poisoned (0 -> -25), about to teleport, fiery-armoured
A: ignite blood 1, big brain 2, weakness stinger 1, poison resistance, subdued
magic 2
a: Renounce Religion, Fiery Armour, Foxfire Swarm, Rising Flame


You were on level 5 of the Dungeon.
You worshipped Ignis.
Ignis was pleased with you.
You visited 1 branch of the dungeon, and saw 5 of its levels.

You collected 140 gold pieces.


Innate Abilities, Weirdness & Mutations

Your demonic aura sometimes causes spilled blood to erupt in flames.
You have an extremely huge brain. (Int +4)
You have a small tail.
Your system is resistant to poisons. (rPois)
Your spells are easier to cast, but less powerful.


   Skills:
 - Level 3.0 Fighting
 + Level 5.8 Axes
 - Level 1.2 Armour
 - Level 1.0 Dodging
 - Level 4.0 Shields
 - Level 1.0 Spellcasting
 - Level 2.6 Fire Magic


You had 8 spell levels left.
You didn't know any spells.
Your spell library contained the following spells:

 Spells                   Type           Power      Damage    Failure   Level
 Scorch                   Fire           14%        2d5       61%         2

Inventory:

Hand Weapons
 Y - a -1 hand axe of flaming (weapon)
Missiles
 q - 3 boomerangs (quivered)
Armour
 b - a +0 scale mail (worn)
 f - a +2 kite shield (worn)
 o - the +8 ring mail "Anumaaph" {Harm rPois}
   (You found it on level 2 of the Dungeon)

   rPois:     It protects you from poison.
   Harm:      It increases damage dealt and taken.
Jewellery
 c - a ring of protection from fire (left hand)
 t - a ring of ice
Scrolls
 i - a scroll of teleportation
 n - a scroll of enchant armour
 p - a scroll of summoning {unknown}
 r - a scroll of identify
Potions
 a - a potion of curing {unknown}
 d - a potion of invisibility {unknown}
 e - a potion of might {unknown}
 g - a potion of resistance
 h - a potion of heal wounds
 j - a potion of mutation
 k - a potion of flight {unknown}
 l - 3 potions of haste
 m - a potion of attraction {unknown}

Dungeon Overview and Level Annotations

Branches:
Dungeon (5/15)
 Temple: D:4-7

Altars:
Ashenzari
Gozag
Ru

Annotations:
D:5 Menkaure


Message History

You block the killer bee's attack.
You hit the killer bee. You burn the killer bee.
The killer bee is lightly wounded.
You hit the killer bee but do no damage.
The killer bee barely misses you. You block the killer bee's attack.
The killer bee stings you. x2
You miss the killer bee.
The killer bee is lightly wounded.
You barely miss the killer bee. The killer bee stings you. x2
You are poisoned.
The killer bee poisons you! The killer bee barely misses you.
The killer bee stings you but does no damage.
5497 ||| INVOKING Fiery Armour.
A protective cloak of flame settles atop you.
You feel very sick. The killer bee closely misses you.
You block the killer bee's attack. x2
The killer bee stings you but does no damage.
The killer bee is burned by your cloak of flames.
The killer bee is lightly wounded.
You miss the killer bee.
Your tail-slap misses the killer bee.
The killer bee is lightly wounded.
You hit the killer bee. You burn the killer bee.
You feel sick. The killer bee barely misses you. The killer bee stings you.
You are lethally poisoned!
The killer bee poisons you!
The killer bee is burned by your cloak of flames.
The killer bee is moderately wounded.
You block the killer bee's attack. The killer bee stings you.
The killer bee is burned by your cloak of flames.
The killer bee is severely wounded.
The killer bee barely misses you. The killer bee stings you.
You are more poisoned.
The killer bee poisons you!
The killer bee is burned by your cloak of flames.
The killer bee is almost dead.
5499 ||| READING 2 scrolls of teleportation.
As you read the scroll of teleportation, it crumbles to dust.
You feel strangely unstable.
You die...

#............#
#........#
##..#.##.####..
##.########
.#..#.##.# #...#
.......#.# #.#.#
.#.......# #...#
##.......# ##.##
#........ #.#
#.##..#.#.
########.# #..
....# #.y@.....#
#..
..........y#######
.. .........
....... .......
#...... #...#.#
......


You could see 2 killer bees.

Vanquished Creatures
  A scorpion (D:5)
  A killer bee (D:5)
  2 hounds (D:5)
  2 gnoll boudas (D:4)
  2 iguanas (D:5)
  2 orc wizards
  8 adders
  13 gnolls
  An ufetubus (D:4)
  A worm (D:2)
  4 dart slugs
  6 orcs
  5 bats
  8 endoplasms
  4 giant cockroaches
  5 goblins
  4 hobgoblins
  7 kobolds
  4 quokkas
  6 ball pythons
  4 frilled lizards
  6 rats
96 creatures vanquished.

Notes
Turn   | Place    | Note
-------+----------+-------------------------------------------
     0 | D:1      | qw the Demonspawn Cinder Acolyte began the quest for the
                  | Orb.
     0 | D:1      | Reached XP level 1. HP: 18/18 MP: 2/2
     0 | D:1      | 0 ||| qw: Version: 0.1-a-112-g44dc6cd
     0 | D:1      | 0 ||| qw: Game counter: 6692
     0 | D:1      | 0 ||| qw: Always use a shield: true
     0 | D:1      | 0 ||| qw: God list: Okawaru
     0 | D:1      | 0 ||| qw: Allow faded altars: false
     0 | D:1      | 0 ||| qw: Do Orc after D:15 true
     0 | D:1      | 0 ||| qw: Do second Lair branch before Depths: true
     0 | D:1      | 0 ||| qw: Lair rune preference: random
     0 | D:1      | 0 ||| qw: Plans: Normal
     0 | D:1      | 0 ||| PLANNING D:1-11
   138 | D:1      | Reached skill level 3 in Axes
   356 | D:1      | Gained mutation: Your demonic aura sometimes causes spilled
                  | blood to erupt in flames. [demonic ancestry]
   356 | D:1      | Reached XP level 2. HP: 24/24 MP: 3/3
  1287 | D:1      | 1287 ||| UPGRADING to +0 ring mail.
  1297 | D:1      | 1297 ||| DROPPING +0 robe.
  1298 | D:1      | 1298 ||| UPGRADING to +2 kite shield.
  1303 | D:1      | 1303 ||| READING scroll labelled HOYNIUGAZE.
  1304 | D:1      | 1304 ||| READING scroll labelled NUBLEO VIJAL.
  1417 | D:2      | Reached skill level 1 in Shields
  1417 | D:2      | Gained mutation: You have an unusually large brain. (Int
                  | +2) [demonic ancestry]
  1417 | D:2      | Reached XP level 3. HP: 16/29 MP: 4/4
  1423 | D:2      | 1423 ||| INVOKING Fiery Armour.
  1928 | D:2      | Found a faded altar of an unknown god.
  1929 | D:2      | 1929 ||| FLEEEEING.
  1930 | D:2      | 1930 ||| FLEEEEING.
  1931 | D:2      | 1931 ||| FLEEEEING.
  1933 | D:2      | 1933 ||| FLEEEEING.
  1950 | D:2      | 1950 ||| FLEEEEING.
  1951 | D:2      | 1951 ||| FLEEEEING.
  1952 | D:2      | 1952 ||| FLEEEEING.
  1953 | D:2      | 1953 ||| FLEEEEING.
  2190 | D:2      | Identified the +8 ring mail "Anumaaph" {Harm rPois}
  2364 | D:2      | 2364 ||| UPGRADING to +0 scale mail.
  2374 | D:2      | 2374 ||| DROPPING +0 ring mail.
  2375 | D:2      | 2375 ||| UPGRADING to +8 ring mail "Anumaaph" {Harm rPois}.
  2385 | D:2      | 2385 ||| READING scroll labelled INUWNE ZONI.
  2386 | D:2      | 2386 ||| READING 2 scrolls labelled TENENLEVVONADGH.
  2387 | D:2      | 2387 ||| DRINKING 3 ruby potions.
  2388 | D:2      | 2388 ||| DROPPING 2 potions of brilliance.
  2433 | D:3      | 2433 ||| Stepping ~*~*~tactically~*~*~ (stealth).
  2444 | D:3      | Gained mutation: You have a small tail. [demonic ancestry]
  2444 | D:3      | Reached XP level 4. HP: 35/35 MP: 5/5
  2613 | D:3      | Found an opulent altar of Gozag.
  2925 | D:3      | 2925 ||| FLEEEEING.
  2926 | D:3      | 2926 ||| FLEEEEING.
  2927 | D:3      | 2927 ||| FLEEEEING.
  2928 | D:3      | 2928 ||| FLEEEEING.
  2929 | D:3      | 2929 ||| FLEEEEING.
  2930 | D:3      | 2930 ||| FLEEEEING.
  2931 | D:3      | 2931 ||| FLEEEEING.
  2932 | D:3      | 2932 ||| FLEEEEING.
  2946 | D:3      | Reached skill level 3 in Shields
  3294 | D:3      | Found a sacrificial altar of Ru.
  3337 | D:3      | 3337 ||| UPGRADING to ring of protection from fire.
  3338 | D:3      | 3338 ||| READING scroll labelled XEUDAU YDIA.
  3341 | D:3      | 3341 ||| READING scroll labelled CAIROH XYT.
  3342 | D:3      | 3342 ||| READING scroll labelled COAQIE BEFEST.
  3343 | D:3      | 3343 ||| DRINKING 2 emerald potions.
  3344 | D:3      | 3344 ||| DRINKING 2 bubbling grey potions.
  3344 | D:3      | Gained mutation: Your spells are a little easier to cast,
                  | but a little less powerful. [potion of mutation]
  3344 | D:3      | Gained mutation: Your spells are easier to cast, but less
                  | powerful. [potion of mutation]
  3344 | D:3      | Gained mutation: Your system is resistant to poisons.
                  | (rPois) [potion of mutation]
  3345 | D:3      | 3345 ||| UPGRADING to +0 scale mail.
  3355 | D:3      | 3355 ||| DRINKING 3 cyan potions.
  3546 | D:4      | Reached skill level 4 in Axes
  3572 | D:4      | 3572 ||| INVOKING Fiery Armour.
  3576 | D:4      | Gained mutation: You have an extremely huge brain. (Int +4)
                  | [demonic ancestry]
  3576 | D:4      | Reached XP level 5. HP: 41/41 MP: 6/6
  3580 | D:4      | Reached skill level 1 in Armour
  3801 | D:4      | 3801 ||| Stepping ~*~*~tactically~*~*~ (stealth).
  3816 | D:4      | 3816 ||| INVOKING Fiery Armour.
  3830 | D:4      | Reached skill level 5 in Axes
  3830 | D:4      | Reached XP level 6. HP: 22/47 MP: 7/7
  3983 | D:4      | 3983 ||| INVOKING Fiery Armour.
  4418 | D:4      | Found a broken altar of Ashenzari.
  4609 | D:4      | 4609 ||| DROPPING ring of wizardry.
  4610 | D:4      | 4610 ||| READING scroll labelled OQAIRPH BEST.
  4757 | D:4      | 4757 ||| READING scroll labelled ESEYTU AHEQOYM.
  4758 | D:4      | 4758 ||| DRINKING 2 sedimented dark potions.
  4782 | D:5      | Entered Level 5 of the Dungeon
  4815 | D:5      | 4815 ||| Stepping ~*~*~tactically~*~*~ (hiding).
  4820 | D:5      | 4820 ||| INVOKING Fiery Armour.
  4943 | D:5      | Reached skill level 1 in Dodging
  5061 | D:5      | 5061 ||| Stepping ~*~*~tactically~*~*~ (stealth).
  5074 | D:5      | Noticed Menkaure
  5076 | D:5      | 5076 ||| INVOKING Fiery Armour.
  5078 | D:5      | HP: 11/47 [??? (9)]
  5079 | D:5      | 5079 ||| READING 2 scrolls of teleportation.
  5081 | D:5      | 5081 ||| DRINKING 2 potions of heal wounds.
  5226 | D:5      | 5226 ||| INVOKING Fiery Armour.
  5231 | D:5      | Reached XP level 7. HP: 14/52 MP: 8/8
  5497 | D:5      | 5497 ||| INVOKING Fiery Armour.
  5498 | D:5      | HP: 10/52 [killer bee (6)]
  5499 | D:5      | 5499 ||| READING 2 scrolls of teleportation.
  5499 | D:5      | Succumbed to a killer bee's poison

Levels and vault maps discovered:
D:1:      dpeg_arrival_rooms_a, layout_loops_ring, serial_aquarium,
          aquarium_bridge_square [aquarium_subvault_wall,
          aquarium_subvault_wall, aquarium_subvault_bridge,
          aquarium_subvault_wall], aquarium_bridge_straight
          [aquarium_subvault_bridge, aquarium_subvault_wall,
          aquarium_subvault_bridge, aquarium_subvault_window],
          aquarium_window_fake, aquarium_window_fake, aquarium_window_fake,
          aquarium_window_1, aquarium_view_2e, aquarium_view_4,
          aquarium_balcony_1a, nicolae_titane
D:2:      layout_basic, ebering_ecumenical_altar_abandoned, minmay_pentomino_w2
D:3:      layout_basic, mainiacjoe_overflow_swirl
D:4:      layout_basic, mainiacjoe_overflow_alcove_4
D:5:      layout_loops_cross, minmay_temple_entry_butterflies, uniq_menkaure

Skill      XL: |  1  2  3  4  5  6 |
---------------+-------------------+-----
Axes           | 3 4 5 |  5.8
Shields        | 1 2 3 4 |  4.0
Armour         | 1 |  1.2
Dodging        | 1 |  1.0
Fighting       | |  3.0
Spellcasting   | |  1.0
Fire Magic     | |  2.6

Action                   |  1- 3 |  4- 6 |  7- 9 || total
-------------------------+-------+-------+-------++-------
Melee: Hand axe          |   135 |   181 |    11 ||   327
       Tailslap          |       |    17 |     1 ||    18
Throw: Boomerang         |       |    32 |       ||    32
Invok: Fiery Armour      |     1 |     6 |     1 ||     8
  Use: Scroll            |     4 |     6 |     1 ||    11
       Potion            |     1 |     5 |       ||     6
Armor: Robe              |    15 |       |       ||    15
       Ring mail         |    43 |    35 |       ||    78
       Scale mail        |       |    63 |     7 ||    70
Dodge: Dodged            |    50 |    57 |     6 ||   113
Block: Kite shield       |    43 |    96 |    10 ||   149

Table legend:
 A = Non-vault XP
 B = Vault XP
 C = Vault XP percentage of total XP
 D = Non-vault monster count
 E = Vault monster count
 F = Vault count percentage of total count
                 A         B        C        D         E       F
            +---------+---------+-------+---------+---------+-------
      Total |     842 |       1 |   0.1 |      95 |       1 |   1.0
            +---------+---------+-------+---------+---------+-------
        D:1 |      28 |       0 |   0.0 |      18 |       0 |   0.0
        D:2 |      61 |       1 |   1.6 |      19 |       1 |   5.0
        D:3 |      59 |       0 |   0.0 |      14 |       0 |   0.0
        D:4 |     342 |       0 |   0.0 |      32 |       0 |   0.0
        D:5 |     352 |       0 |   0.0 |      12 |       0 |   0.0
            +---------+---------+-------+---------+---------+-------
